AoeStats
← MartyIgnacio

Lombardia

510016564Analyzed
4v4 RM · 5d ago on Sep 29, 2026· 52m 9s· 8 players
Game mode
Random Map
Map size
Large (8 player)
Population
200
Speed
Normal
Resources
Standard
Victory
Conquest
Starting age
Dark Age
Ending age
Imperial Age
RankedLock teamsTeams togetherTeam positionsShared explorationLock speedFull tech treeHidden civsTurbo modeCheats
Victory
Defeat
🇦🇷 Persians · Argentina
1298
+5
🇦🇷 Mongols · Argentina
1009
+15
🇦🇷 Bengalis · Argentina
917
+18
🇨🇱 Magyars · Chile
808
+22
🇦🇺 Bulgarians · Australia
1001
-16
🇫🇮 Magyars · Finland
996
-15
🇨🇱 Sicilians · Chile
986
-15
🇦🇷 Italians · Argentina
962
-14
Calcetin
8:56 Loom
11:43 Feudal Age
Rölli
2:20 Loom
9:54 Feudal Age
10:22 Horse Collar
10:31 Double-Bit Axe
19:47 Castle Age
21:14 Heavy Plow
21:27 Bow Saw
25:50 Wheelbarrow
32:10 Imperial Age
30:54 Thumb Ring
31:41 Fletching
31:52 Padded Archer Armor
31:57 Scale Barding Armor
32:40 Ballistics
32:17 Murder Holes
32:27 Husbandry
32:37 Bloodlines
33:06 Bodkin Arrow
33:34 Leather Archer Armor
34:28 Chemistry
34:07 Heavy Cavalry Archer
38:48 Recurve Bow
38:12 Elite Magyar Huszar
38:59 Corvinian Army
39:32 Bracer
40:02 Ring Archer Armor
39:53 Chain Barding Armor
40:10 Parthian Tactics
42:27 Plate Barding Armor
42:56 Conscription
Keep_Aut
4:03 Loom
10:58 Feudal Age
18:34 Castle Age
17:01 Double-Bit Axe
17:00 Horse Collar
19:59 Fletching
20:11 Heavy Plow
21:02 Wheelbarrow
23:43 Fervor
27:15 Bodkin Arrow
28:20 Padded Archer Armor
30:33 Ballistics
32:50 Imperial Age
31:21 Gold Mining
31:48 Leather Archer Armor
31:45 Forging
32:09 Hand Cart
33:56 Iron Casting
33:23 Caravan
34:44 Chemistry
34:36 Bracer
34:49 Town Watch
35:25 Bow Saw
35:50 Crop Rotation
35:44 Elite Genoese Crossbowman
37:22 Ring Archer Armor
37:06 Fortified Wall
37:26 Conscription
39:00 Blast Furnace
39:14 Two-Man Saw
38:20 Light Cavalry
40:42 Pirotechnia
41:04 Bloodlines
40:15 Hussar
44:51 Elite Skirmisher
Campaign NPC
9:46 Loom
12:13 Feudal Age
12:47 Feudal Age
15:54 Double-Bit Axe
17:13 Horse Collar
18:25 Wheelbarrow
17:40 Town Watch
22:39 Castle Age
20:42 Gold Mining
20:42 Stone Mining
24:08 Bow Saw
23:59 Heavy Plow
24:37 Gold Shaft Mining
24:37 Stone Shaft Mining
25:33 Scale Mail Armor
25:43 Forging
24:58 Pikeman
26:26 Hand Cart
26:34 Squires
30:38 Padded Archer Armor
30:30 Fletching
30:45 Scale Barding Armor
30:56 Chain Mail Armor
31:16 Iron Casting
31:25 Fervor
31:16 Devotion
31:42 Gambesons
31:27 Elite Skirmisher
32:24 Leather Archer Armor
32:29 Chain Barding Armor
32:05 Bodkin Arrow
32:48 Thumb Ring
35:54 Masonry
35:41 Murder Holes
35:55 Caravan
36:17 Arson
40:13 Imperial Age
37:29 Town Watch
39:08 Ballistics
39:24 Stirrups
40:02 Light Cavalry
40:52 Bloodlines
40:42 Husbandry
40:17 Cavalier
41:20 Conscription
41:01 Bagains
41:47 Architecture
42:27 Blast Furnace
41:57 Plate Mail Armor
42:27 Blast Furnace
42:03 Plate Barding Armor
41:43 Halberdier
42:49 Hussar
MartyIgnacio
8:16 Loom
11:07 Feudal Age
14:50 Castle Age
14:19 Double-Bit Axe
16:59 Bow Saw
24:26 Wheelbarrow
25:07 Fletching
25:54 Bodkin Arrow
27:26 Ballistics
28:48 Town Watch
30:29 Bloodlines
31:50 Hand Cart
32:06 Husbandry
34:53 Thumb Ring
34:50 Padded Archer Armor
34:58 Scale Barding Armor
35:13 Gold Mining
36:34 Town Patrol
40:54 Imperial Age
39:18 Chain Barding Armor
40:24 Leather Archer Armor
41:38 Bracer
42:13 Plate Barding Armor
42:09 Parthian Tactics
42:04 Corvinian Army
42:29 Conscription
42:53 Gold Shaft Mining
41:57 Heavy Cavalry Archer
44:07 Chemistry
44:25 Ring Archer Armor
48:04 Corvinian Army
47:25 Elite Magyar Huszar
Zayko
10:08 Loom
11:54 Feudal Age
16:40 Castle Age
16:53 Fletching
17:31 Bodkin Arrow
26:20 Double-Bit Axe
33:52 Wheelbarrow
33:02 Town Watch
33:02 Horse Collar
38:45 Imperial Age
36:35 Padded Archer Armor
37:03 Gold Mining
37:04 Stone Mining
37:16 Heavy Plow
37:28 Bow Saw
37:51 Leather Archer Armor
39:09 Hand Cart
39:04 Elite Mangudai
40:21 Conscription
41:23 Bracer
43:07 Bloodlines
42:57 Husbandry
44:59 Chemistry
44:20 Ballistics
44:27 Parthian Tactics
48:49 Drill
49:19 Town Patrol
49:45 Capped Ram
50:36 Siege Ram
LUCA-14
7:46 Loom
11:24 Feudal Age
13:06 Double-Bit Axe
19:10 Castle Age
17:27 Town Watch
17:36 Stone Mining
17:38 Gold Mining
20:35 Forging
21:58 Gold Mining
23:03 Padded Archer Armor
25:01 Paiks
26:56 Fletching
27:32 Leather Archer Armor
28:28 Bodkin Arrow
30:27 Gold Shaft Mining
32:25 Ballistics
36:14 Imperial Age
36:23 Wheelbarrow
36:58 Bracer
37:26 Husbandry
38:15 Elite Ratha (Ranged)
39:37 Elite Elephant Archer
41:52 Ring Archer Armor
43:01 Bow Saw
44:13 Conscription
44:29 Horse Collar
47:33 Heavy Plow
48:35 Two-Man Saw
48:58 Hand Cart
48:44 Town Patrol
PSX | DP11A
5:02 Loom
9:18 Feudal Age
10:09 Double-Bit Axe
12:33 Horse Collar
17:32 Forging
17:45 Scale Barding Armor
21:12 Castle Age
19:52 Bloodlines
20:00 Gold Mining
21:04 Light Cavalry
21:45 Husbandry
23:05 Chain Barding Armor
23:20 Iron Casting
29:39 Wheelbarrow
33:15 Bow Saw
35:39 Imperial Age
34:36 Gold Shaft Mining
35:47 Heavy Plow
36:20 Hand Cart
35:36 Cavalier
37:26 Conscription
37:02 Stone Mining
38:08 Plate Barding Armor
38:33 Blast Furnace
40:45 Two-Man Saw
40:41 Savar
48:27 Town Watch
50:27 Crop Rotation
Connection lost

Rejoining the realm…

Still unreachable

The connection could not be restored.

Session expired

The server has moved on; the page needs a fresh start.